 Dungeon Sprint DCSS version 0.30-a0-439-g9e77e4d916 (webtiles) character file.

Game seed: 6275275324955832864

1731 mhtbhm the Arsonist (level 9, -1/51 HPs)
             Began as a Gargoyle Fire Elementalist on Dec 11, 2022.
             Was a Priest of Vehumet.
             Slain by Erolcha
             ... wielding a +0 giant club
              (3 damage)
             ... in the Dungeon (Sprint III: "The Ten Rune Challenge").
             The game lasted 00:05:43 (1428 turns).

mhtbhm the Arsonist (Gargoyle Fire Elementalist)    Turns: 1428, Time: 00:05:44

Health: -1/51      AC:  8    Str: 11    XL:     9   Next: 5%
Magic:  8/25       EV: 12    Int: 21    God:    Vehumet [***...]
Gold:   35         SH:  0    Dex: 10    Spells: 16/32 levels left

rFire   . . .      SeeInvis .    (no weapon)
rCold   . . .      Faith    .    (no shield)
rNeg    + . .      Spirit   .    a - +0 robe
rPois   ∞          Reflect  .    (no helmet)
rElec   +          Harm     .    (no cloak)
rCorr   .          Rampage  .    (no gloves)
Will    .....      NoTele   +    (no boots)
Stlth   +.........               (no amulet)
HPRegen 0.28/turn                (no ring)
MPRegen 0.19/turn                (no ring)

@: very slow
A: sickness immunity, AC +6, negative energy resistance 1, electricity
resistance, torment resistance 1, petrification resistance
a: Renounce Religion


You were in the Dungeon.
You worshipped Vehumet.
Vehumet was most pleased with you.
You visited 1 branch You collected 35 gold pieces.

Inventory:

Armour
 a - a +0 robe (worn)
Wands
 k - a wand of polymorph (12)
Scrolls
 d - a scroll of magic mapping {unknown}
 e - 3 scrolls of poison {unknown}
 h - a scroll of identify {unknown}
Potions
 b - a potion of magic
 c - a potion of curing
 f - a potion of cancellation {unknown}
 i - a potion of flight {unknown}
 j - 6 potions of mutation
 l - a potion of berserk rage
 m - a potion of heal wounds
Miscellaneous
 n - a phial of floods (inert)


   Skills:
 + Level 3.2 Fighting
 + Level 3.6 Dodging
 + Level 4.2 Stealth
 + Level 12.1 Spellcasting
 + Level 4.1 Conjurations
 + Level 13.3 Fire Magic
 + Level 0.7 Evocations


You had 16 spell levels left.
You knew the following spells:

 Your Spells              Type           Power      Damage    Failure   Level
a - Foxfire               Conj/Fire      100%       2x1d9     1%          1
b - Scorch                Fire           100%       2d10      1%          2
c - Inner Flame           Hex/Fire       40%        N/A       1%          3
d - Kindle Blastsparks    Fire/Tloc/Air  62%        2d15      1%          3
e - Flame Wave            Conj/Fire      49%        2d12      1%          4
f - Stone Arrow           Conj/Erth      42%        3d9       1%          3

Your spell library contained the following spells:

 Spells                   Type           Power      Damage    Failure   Level
 Magic Dart               Conj           100%       1d8       1%          1
 Searing Ray              Conj           60%        2d6       1%          2
 Fulminant Prism          Conj/Hex       10%        3d9       6%          4


Dungeon Overview and Level Annotations

Branches:
Dungeon (1/1)

Altars:
Cheibriados
Dithmenos
Elyvilon
Fedhas
Gozag
Hepliaklqana
Kikubaaqudgha
Makhleb
Nemelex Xobeh
Okawaru
Qazlal
Ru
Sif Muna
Trog
Uskayaw
Vehumet
Wu Jian
Xom
Yredelemnul
Zin
The Shining One
Jiyva
Lugonu

Annotations:
D Erolcha


Innate Abilities, Weirdness & Mutations

You are immune to sickness and miasma.
Your stone body is resilient. (AC +6)
You are immune to poison.
You resist negative energy. (rN+)
You are resistant to electric shocks. (rElec)
You are resistant to unholy torment.
You are immune to petrification.


Message History

Unknown command.
Unknown command.
Casting: Scorch (safe; 1% risk of failure)
Confirm with . or Enter, or press ? or * to list all spells.
Okay, then.
Casting: Scorch (safe; 1% risk of failure)
Confirm with . or Enter, or press ? or * to list all spells.
Okay, then.
Casting: Scorch (safe; 1% risk of failure)
Confirm with . or Enter, or press ? or * to list all spells.
Aiming: Stone Arrow (safe; 1% risk of failure)
Press: ? - help, Shift-Dir - straight line, f/p - Erolcha
Aim: Erolcha, wielding a +0 giant club and wearing a +2 robe of resistance (severely wounded, waterlogged, 83% to hit)
The stone arrow hits Erolcha!
Erolcha is almost dead.
Erolcha closely misses you.
Unknown command.
Unknown command.
Unknown command.
Casting: Stone Arrow (safe; 1% risk of failure)
Confirm with . or Enter, or press ? or * to list all spells.
Aiming: Stone Arrow (safe; 1% risk of failure)
Press: ? - help, Shift-Dir - straight line, f/p - Erolcha
Aim: Erolcha, wielding a +0 giant club and wearing a +2 robe of resistance (almost dead, waterlogged, 83% to hit)
The stone arrow hits Erolcha.
Erolcha is almost dead.
Unknown command.
Unknown command.
Unknown command.
Unknown command.
Casting: Stone Arrow (safe; 1% risk of failure)
Confirm with . or Enter, or press ? or * to list all spells.
Aiming: Stone Arrow (safe; 1% risk of failure)
Press: ? - help, Shift-Dir - straight line, f/p - Erolcha
Aim: Erolcha, wielding a +0 giant club and wearing a +2 robe of resistance (almost dead, waterlogged, 83% to hit)
The stone arrow misses Erolcha.
The stone arrow hits the two-headed ogre!!
The two-headed ogre is severely wounded.
Erolcha hits you with a +0 giant club.
You die...

####### ___#__#
__)#._# '###)##
......# ......#
#####'#
__#...#+##############
__#...#....#.#.#@OO~~#
__#...##.#).#.##~###~#
__#...'##)#.#.##.# .##
__'...#..)#..#..##..
▓▓▓▓▓▓▓▓▓▓▓▓▓▓▓▓▓▓▓▓


You could see a two-headed ogre (waterlogged) and Erolcha (waterlogged).

Vanquished Creatures
  A deep elf pyromancer (D)
  A shadow (D)
  A spatial vortex (D)
  4 two-headed ogres (D)
  A necrophage (D)
  A water elemental (D)
  A jelly (D)
  Jessica (D)
  A wizard (D)
  A necromancer (D)
  A kobold demonologist (D)
  3 humans (D)
  A wolf (D)
  2 endoplasms (D)
  A rat (D)
21 creatures vanquished.

Vanquished Creatures (others)
  25 foxfires (D)
  A plant (D)
26 creatures vanquished.

Grand Total: 47 creatures vanquished

Notes
Turn   | Place    | Note
-------+----------+-------------------------------------------
     0 | D        | mhtbhm the Gargoyle Fire Elementalist began the quest for
                  | the Orb.
     0 | D        | Reached XP level 1. HP: 10/10 MP: 3/3
    68 | D        | Noticed Jessica
    81 | D        | Killed Jessica
    82 | D        | Reached skill level 5 in Fire Magic
    82 | D        | Reached XP level 2. HP: 3/15 MP: 3/6
    82 | D        | Reached XP level 3. HP: 4/19 MP: 3/7
   194 | D        | Learned a level 2 spell: Scorch
   272 | D        | Learned a level 3 spell: Inner Flame
   276 | D        | Learned a level 3 spell: Kindle Blastsparks
   305 | D        | Reached skill level 6 in Fire Magic
   305 | D        | Reached XP level 4. HP: 24/24 MP: 3/9
   391 | D        | Noticed a water elemental
   395 | D        | Killed a water elemental
   396 | D        | Reached skill level 7 in Fire Magic
   396 | D        | Reached XP level 5. HP: 28/28 MP: 1/12
   484 | D        | Learned a level 4 spell: Flame Wave
   487 | D        | Found a radiant altar of Vehumet.
   487 | D        | Found a shimmering blue altar of Sif Muna.
   487 | D        | Found an ancient bone altar of Kikubaaqudgha.
   489 | D        | Reached skill level 5 in Spellcasting
   491 | D        | Reached skill level 8 in Fire Magic
   498 | D        | Became a worshipper of Vehumet
   548 | D        | Found a basalt altar of Yredelemnul.
   548 | D        | Found a shadowy altar of Dithmenos.
   548 | D        | Found a sacrificial altar of Ru.
   551 | D        | Reached XP level 6. HP: 23/33 MP: 10/15
   553 | D        | Reached skill level 9 in Fire Magic
   621 | D        | Found a hide-covered altar of Uskayaw.
   621 | D        | Found an iron altar of Okawaru.
   621 | D        | Found a bloodstained altar of Trog.
   621 | D        | Found an ornate altar of the Wu Jian Council.
   621 | D        | Noticed a human
   621 | D        | Noticed a human
   626 | D        | Killed a human
   626 | D        | Reached * piety under Vehumet
   626 | D        | Offered knowledge of Shock by Vehumet.
   627 | D        | Reached skill level 1 in Fighting
   627 | D        | Reached skill level 10 in Fire Magic
   628 | D        | Killed a human
   629 | D        | Reached XP level 7. HP: 34/40 MP: 2/19
   743 | D        | Found a glowing silver altar of Zin.
   743 | D        | Found a glowing golden altar of the Shining One.
   743 | D        | Found a white marble altar of Elyvilon.
   743 | D        | Noticed a deep elf pyromancer
   746 | D        | Killed a deep elf pyromancer
   747 | D        | Reached skill level 10 in Spellcasting
   747 | D        | Reached skill level 12 in Fire Magic
   747 | D        | Reached XP level 8. HP: 11/45 MP: 15/22
   907 | D        | Reached ** piety under Vehumet
   907 | D        | Offered knowledge of Static Discharge by Vehumet.
   931 | D        | Noticed a shadow
   933 | D        | Killed a shadow
   962 | D        | Found a blossoming altar of Fedhas.
   962 | D        | Found a stormy altar of Qazlal.
   962 | D        | Found a snail-covered altar of Cheibriados.
   962 | D        | Found a burning altar of Makhleb.
   962 | D        | Found a shimmering altar of Xom.
   963 | D        | Found a hazy altar of Hepliaklqana.
   963 | D        | Found an opulent altar of Gozag.
   963 | D        | Found a sparkling altar of Nemelex Xobeh.
   963 | D        | Found a corrupted altar of Lugonu.
   963 | D        | Found a viscous altar of Jiyva.
  1268 | D        | Offered knowledge of Stone Arrow by Vehumet.
  1272 | D        | Reached *** piety under Vehumet
  1274 | D        | Noticed a two-headed ogre
  1283 | D        | Killed a two-headed ogre
  1284 | D        | Reached skill level 13 in Fire Magic
  1284 | D        | Reached XP level 9. HP: 51/51 MP: 3/25
  1410 | D        | Learned a level 3 spell: Stone Arrow
  1418 | D        | Noticed Erolcha
  1419 | D        | Noticed a two-headed ogre
  1423 | D        | HP: 1/51 [Erolcha/fireball (17)]
  1428 | D        | Slain by Erolcha

Illustrated notes

Levels and vault maps discovered:
D:        dungeon_sprint_mu [sprint_mu_entry_cave, sprint_mu_temple_rooms,
          sprint_mu_d1_spiders, sprint_mu_d2_genie, sprint_mu_d3_branching,
          sprint_mu_orc_legion, sprint_mu_elf_gauntlet, sprint_mu_hive_nellie,
          sprint_mu_lair_fedhas, sprint_mu_vaults_butterflies,
          sprint_mu_slime_circle, sprint_mu_swamp_cave, sprint_mu_snake_twists,
          sprint_mu_blade_basic, sprint_mu_crypt_lich, sprint_mu_tomb_spiral,
          sprint_mu_vestibule_basic, sprint_mu_gehenna_hellfire,
          sprint_mu_dis_giant, sprint_mu_tartarus_statrot,
          sprint_mu_cocytus_islands, sprint_mu_zot1]

Skill      XL: |  1  2  3  4  5  6  7  8 |
---------------+-------------------------+-----
Dodging        | 2 3 |  3.6
Spellcasting   | 3 4 6 8 10 12 | 12.1
Fire Magic     | 5 6 7 8 10 12 13 | 13.3
Stealth        | 3 4 |  4.2
Conjurations   | 2 3 4 |  4.1
Fighting       | 2 3 |  3.2
Evocations     | |  0.7

Action                   |  1- 3 |  4- 6 |  7- 9 || total
-------------------------+-------+-------+-------++-------
Melee: Unarmed           |     1 |       |       ||     1
 Cast: Foxfire           |    16 |       |     1 ||    17
       Scorch            |     5 |    18 |    15 ||    38
       Flame Wave        |       |       |    12 ||    12
       Stone Arrow       |       |       |     3 ||     3
Evoke: Phial of floods   |       |       |     2 ||     2
  Use: Potion            |     5 |       |       ||     5
       Scroll            |       |       |     1 ||     1
Armor: Robe              |     1 |     3 |       ||     4
Dodge: Dodged            |     5 |     3 |     4 ||    12

Table legend: (Time is in decaauts)
 A = Elapsed time spent in this place.
 B = Non-inter-level travel time spent in this place.
 C = Inter-level travel time spent in this place.
 D = Time resting spent in this place.
 E = Time spent auto-exploring this place.
 F = Levels seen in this place.
 G = Mean time per level.
                   A        B        C        D        E       F      G
               +--------+--------+--------+--------+--------+-----+--------+
         Total |   1423 |   1423 |      0 |    961 |     59 |   1 | 1423.0 |
       Dungeon |   1423 |   1423 |      0 |    961 |     59 |   1 | 1423.0 |
               +--------+--------+--------+--------+--------+-----+--------+

Top non-repeatable levels by time:
       D: 1423 daAuts
